 Dungeon Crawl Stone Soup version 0.29.0-4-gdea44cf6ec (webtiles) character file.

Game seed: 867557016525818945

98 qw the Chopper (level 4, 0/26 HPs)
             Began as a Tengu Warper on Aug 29, 2022.
             Slain by an adder (3 damage)
             ... on level 3 of the Dungeon.
             The game lasted 00:00:39 (2896 turns).

qw the Chopper (Tengu Warper)                       Turns: 2896, Time: 00:00:39

Health: 0/26       AC:  5    Str: 13    XL:     4   Next: 69%
Magic:  8/8        EV: 11    Int: 13    God:
Gold:   98         SH:  0    Dex: 14    Spells: 7/7 levels left

rFire   . . .      SeeInvis .   i - +0 war axe
rCold   . . .      Faith    .   (no shield)
rNeg    . . .      Spirit   .   e - +0 ring mail
rPois   .          Reflect  .   (helmet restricted)
rElec   .          Harm     .   (no cloak)
rCorr   .          Rampage  .   (no gloves)
Will    .....                   (boots unavailable)
Stlth   +.........              (no amulet)
HPRegen 0.08/turn               (no ring)
MPRegen 0.11/turn               (no ring)

@: lethally poisoned (0 -> -15)
A: beak, talons 3
a: no special abilities


You were on level 3 of the Dungeon.
You visited 1 branch of the dungeon, and saw 3 of its levels.

You collected 98 gold pieces.


Innate Abilities, Weirdness & Mutations

You have a beak for a mouth.
You have claws for feet.


   Skills:
 - Level 2.0 Fighting
 + Level 5.2 Axes
 - Level 1.0 Throwing
 - Level 1.1 Armour
 - Level 2.1 Dodging
 - Level 2.0 Spellcasting
 - Level 2.4 Translocations


You had 7 spell levels left.
You didn't know any spells.
Your spell library contained the following spells:

 Spells                   Type           Power      Damage    Failure   Level
 Blink                    Tloc           14%        N/A       30%         2
 Gell's Gravitas          Tloc           7%         N/A       52%         3
 Lesser Beckoning         Tloc           7%         N/A       52%         3
 Teleport Other           Tloc           7%         N/A       52%         3
 Manifold Assault         Tloc           7%         N/A       99%         5

Inventory:

Hand Weapons
 f - a +0 mace
 i - a +0 war axe (weapon)
Armour
 c - a +0 pair of gloves
 e - a +0 ring mail (worn)
Scrolls
 b - a scroll of teleportation
 h - a scroll of identify
 k - a scroll of fear {unknown}
Potions
 a - a potion of attraction {unknown}
 d - a potion of degeneration {unknown}
 g - a potion of lignification {unknown}
 j - a potion of invisibility {unknown}

Dungeon Overview and Level Annotations

Branches:
Dungeon (3/15)

Altars:


Message History

You hit the endoplasm.
You kill the endoplasm!
You barely miss the adder. Your kick misses the adder.
Your peck misses the adder. The adder bites you. x2
You are poisoned.
The adder poisons you!
You closely miss the adder.
You feel sick. The adder closely misses you.
You closely miss the scorpion. Your kick misses the scorpion.
Your peck misses the scorpion. You barely miss the adder.
You feel sick. The adder misses you. The scorpion closely misses you.
The adder bites you. The scorpion barely misses you.
You closely miss the scorpion. Your kick misses the scorpion.
You hit the adder.
You feel sick.
You are no longer poisoned.
The adder closely misses you.
The scorpion stings you but does no damage.
You closely miss the adder.
The adder is heavily wounded.
You hit the scorpion. The adder bites you but does no damage.
The scorpion stings you but does no damage.
The adder closely misses you. The scorpion barely misses you.
You closely miss the adder.
The adder is heavily wounded.
You barely miss the scorpion. The adder bites you.
You are poisoned.
The adder poisons you! The scorpion stings you.
You are lethally poisoned!
The scorpion poisons you! The adder closely misses you.
You closely miss the adder. Your kick misses the adder.
Your peck misses the adder.
The adder is heavily wounded.
You barely miss the scorpion.
You feel very sick.
The scorpion stings you but does no damage.
The adder bites you.
You die...

#.# . #.# #.# [... ###.#
.... #...# #..#
#.#.##... #.##..#
#.#.##...##.##..#
###.#.##...##.##).# #
......##...##..#Ss#.####
###.#.##...##...@.......
##...........#)##....#
####%.###.#....#.# #.#
.......#.<#.)....#
###.........##.#.#
##......#.##.#.##
#.....>#.##....#
###.##.###.##....#
#......# #.##....#


You could see a scorpion and an adder.

Vanquished Creatures
  An adder (D:2)
  2 adder zombies (D:2)
  3 adder skeletons (D:2)
  3 worms
  A dart slug (D:2)
  A bat skeleton (D:2)
  3 bat zombies (D:2)
  3 endoplasms
  5 giant cockroaches (D:1)
  5 goblins
  7 hobgoblins
  A jackal (D:2)
  3 quokkas
  3 ball pythons
  A ball python skeleton (D:2)
  6 bats
  3 frilled lizards (D:1)
  5 kobolds
  4 rats
60 creatures vanquished.

Vanquished Creatures (others)
  A plant (D:1)
  3 withered plants (D:2)
4 creatures vanquished.

Grand Total: 64 creatures vanquished

Notes
Turn   | Place    | Note
-------+----------+-------------------------------------------
     0 | D:1      | qw the Tengu Warper began the quest for the Orb.
     0 | D:1      | Reached XP level 1. HP: 12/12 MP: 4/4
     0 | D:1      | 0 ||| qw: Version: 0.1-a-89-g26bdef1
     0 | D:1      | 0 ||| qw: Game counter: 3484
     0 | D:1      | 0 ||| qw: Always use a shield: true
     0 | D:1      | 0 ||| qw: God list: Okawaru
     0 | D:1      | 0 ||| qw: Allow faded altars: false
     0 | D:1      | 0 ||| qw: Do Orc after D:15 true
     0 | D:1      | 0 ||| qw: Do second Lair branch before Depths: true
     0 | D:1      | 0 ||| qw: Lair rune preference: random
     0 | D:1      | 0 ||| qw: Plans: Normal
     0 | D:1      | 0 ||| PLANNING D:1-11
    41 | D:1      | 41 ||| Stepping ~*~*~tactically~*~*~ (stealth).
    42 | D:1      | 42 ||| Stepping ~*~*~tactically~*~*~ (stealth).
   149 | D:1      | HP: 3/12 [ball python (2)]
   402 | D:1      | Reached XP level 2. HP: 14/17 MP: 6/6
   487 | D:1      | Reached skill level 3 in Axes
   565 | D:1      | 565 ||| Stepping ~*~*~tactically~*~*~ (stealth).
   659 | D:1      | 659 ||| Stepping ~*~*~tactically~*~*~ (stealth).
   662 | D:1      | 662 ||| Stepping ~*~*~tactically~*~*~ (stealth).
   665 | D:1      | 665 ||| Stepping ~*~*~tactically~*~*~ (stealth).
   667 | D:1      | 667 ||| Stepping ~*~*~tactically~*~*~ (stealth).
  1299 | D:1      | Reached XP level 3. HP: 21/21 MP: 7/7
  1587 | D:1      | 1587 ||| UPGRADING to +0 ring mail.
  1597 | D:1      | 1597 ||| DROPPING +0 leather armour.
  1598 | D:1      | 1598 ||| READING scroll labelled BUETIQ OCECSERO.
  1599 | D:1      | 1599 ||| READING scroll labelled APUBEA BEUN.
  1603 | D:1      | 1603 ||| READING 2 scrolls labelled ADUQO IDAYZOSS.
  1604 | D:1      | 1604 ||| DROPPING scroll of blinking.
  1764 | D:2      | Reached skill level 4 in Axes
  2045 | D:2      | 2045 ||| FLEEEEING.
  2085 | D:2      | 2085 ||| FLEEEEING.
  2086 | D:2      | 2086 ||| FLEEEEING.
  2087 | D:2      | 2087 ||| FLEEEEING.
  2088 | D:2      | 2088 ||| FLEEEEING.
  2089 | D:2      | 2089 ||| FLEEEEING.
  2092 | D:2      | 2092 ||| STAIRDANCE
  2179 | D:1      | 2179 ||| READING scroll labelled RAMEKHL QIUMI.
  2180 | D:1      | 2180 ||| READING scroll labelled XEURAF XYNA.
  2181 | D:1      | 2181 ||| READING 2 scrolls of identify.
  2181 | D:1      | 2181 ||| IDENTIFYING blue potion
  2182 | D:1      | 2182 ||| DROPPING potion of brilliance.
  2211 | D:2      | Reached XP level 4. HP: 26/26 MP: 8/8
  2279 | D:2      | Reached skill level 5 in Axes
  2789 | D:3      | 2789 ||| DROPPING +0 club.
  2884 | D:3      | 2884 ||| SWAPPING to +0 war axe.
  2885 | D:3      | 2885 ||| DROPPING +1 hand axe.
  2888 | D:3      | Noticed a scorpion
  2896 | D:3      | HP: 3/26 [poisoned by a scorpion]
  2896 | D:3      | Slain by an adder

Levels and vault maps discovered:
D:1:      giann_bridges, layout_basic, minmay_split_cup_large
D:2:      layout_loops_cross, serial_undead, serial_undead_b, serial_undead_f,
          serial_undead_f, serial_undead_d, serial_undead_d, serial_undead_b,
          serial_undead_a, minmay_misc_feat_encased
D:3:      layout_loops_ring, chequers_jeans

Skill      XL: |  1  2  3  4 |
---------------+-------------+-----
Axes           | 3 4 5 |  5.2
Fighting       | |  2.0
Throwing       | |  1.0
Armour         | |  1.1
Dodging        | |  2.1
Spellcasting   | |  2.0
Translocations | |  2.4

Action                   |  1- 3 |  4- 6 || total
-------------------------+-------+-------++-------
Melee: Hand axe          |   115 |    42 ||   157
       Peck              |    14 |     6 ||    20
       Kick              |    20 |    14 ||    34
       War axe           |       |     9 ||     9
Throw: Boomerang         |     7 |       ||     7
  Use: Scroll            |     6 |       ||     6
Armor: Leather armour    |    16 |       ||    16
       Ring mail         |    22 |    17 ||    39
Dodge: Dodged            |    67 |    26 ||    93

Table legend:
 A = Non-vault XP
 B = Vault XP
 C = Vault XP percentage of total XP
 D = Non-vault monster count
 E = Vault monster count
 F = Vault count percentage of total count
                 A         B        C        D         E       F
            +---------+---------+-------+---------+---------+-------
      Total |      99 |      41 |  29.3 |      46 |      14 |  23.3
            +---------+---------+-------+---------+---------+-------
        D:1 |      35 |       5 |  12.5 |      22 |       4 |  15.4
        D:2 |      52 |      36 |  40.9 |      19 |      10 |  34.5
        D:3 |      12 |       0 |   0.0 |       5 |       0 |   0.0
            +---------+---------+-------+---------+---------+-------
